 Zot Defence DCSS version 0.15.2 (webtiles) character file.

3760 BluebellGnoll the Fighter (level 9, 31/90 HPs)
             Began as a Deep Dwarf Wizard on Sept 24, 2015.
             Was an Initiate of Okawaru.
             Quit the game in the Realm of Zot (Scenario V: Glassed Sandwich).
             The game lasted 00:31:58 (1615 turns).

BluebellGnoll the Fighter (Deep Dwarf Wizard)       Turns: 1615, Time: 00:31:58

HP  31/90        AC  2     Str 11      XL: 9   Next: 94%
MP  21/21        EV 14     Int 21      God: Okawaru [......]
Gold 0           SH  0     Dex 12      Spells:  5 memorised,  7 levels left

rFire  . . .     SeeInvis .     m - +2 whip (drain)
rCold  . . .     Clarity  .     a - +0 robe
rNeg   . . .     rCorr    .     (no shield)
rPois  .         rRot     .     b - +0 hat
rElec  .         Spirit   .     (no cloak)
SustAb .         Warding  .     (no gloves)
rMut   .         Stasis   .     (no boots)
Gourm  .                        (no amulet)
MR     +....                    (no ring)
                                (no ring)

@: non-regenerating, somewhat resistant to hostile enchantments, unstealthy
A: damage resistance, recharge devices, sense surroundings 2, slow healing 3
a: Make oklob sapling, Make arrow trap, Make plant, Remove Curse, Make burning
bush, Make altar, Make grenades, Make oklob plant, Make net trap, Make ice
statue, Device Recharging, Renounce Religion


You were in the Realm of Zot.
You worshipped Okawaru.
Okawaru was noncommittal.
You were not hungry.

You visited 1 branch

Inventory:

Hand weapons
 l - a +0 whip
 m - a +2 whip of draining (weapon)
 o - a +0 whip of freezing
 p - a +0 long sword of slicing
Missiles
 n - 24 throwing nets (quivered)
 q - 4 tomahawks
Armour
 a - a +0 robe (worn)
 b - a +0 hat (worn)
Magical devices
 d - a wand of heal wounds (2)
Comestibles
 f - a bread ration
Scrolls
 k - a scroll of blinking
Potions
 e - 3 potions of curing
 g - a potion of heal wounds
 h - a potion of haste
 i - a potion of magic
 j - a potion of berserk rage
Books
 c - a book of Minor Magic

   Spells                             Type                      Level
   *Magic Dart                        Conjuration                  1
   Blink                              Translocation                2
   *Call Imp                          Summoning                    2
   *Repel Missiles                    Charms/Air                   2
   Slow                               Hexes                        2
   *Conjure Flame                     Conjuration/Fire             3
   *Mephitic Cloud                    Conjuration/Poison/Air       3


   Skills:
 - Level 8.6 Fighting
 - Level 3.5 Throwing
 - Level 5.1 Dodging
 - Level 2.4 Stealth
 + Level 5.1 Spellcasting
 * Level 4.1 Conjurations
 - Level 0.8 Summonings
   Level 1.1 Translocations
 * Level 2.5 Fire Magic
 * Level 3.5 Poison Magic


You had 7 spell levels left.
You knew the following spells:

 Your Spells              Type           Power        Failure   Level  Hunger
a - Magic Dart            Conj           ###.         1%          1    None
b - Call Imp              Summ           #.......     12%         2    None
c - Conjure Flame         Conj/Fire      ###.....     10%         3    ##.....
g - Mephitic Cloud        Conj/Pois/Air  ###.....     14%         3    ##.....
r - Repel Missiles        Chrm/Air       #.....       17%         2    None


Dungeon Overview and Level Annotations

Branches:
    Zot (1/1)

Altars:
Okawaru


Innate Abilities, Weirdness & Mutations

You are resistant to damage.
You can recharge devices by infusing magical energy.
You passively map the area around you.
You do not heal naturally.


Message History

Make net trap where?
Press: ? - help, Dir - move target cursor Use which ability? (? or * to list) Make net trap where?
Press: ? - help, Dir - move target cursor Use which ability? (? or * to list) Make net trap where?
Press: ? - help, Dir - move target cursor Use which ability? (? or * to list) Make net trap where?
Press: ? - help, Dir - move target cursor
Items here: %%% ( ))) [
Items here: %%%% )
Items here: ( )) [ a dagger; a robe; a club; a stone You step safely past the trap.
There is a net trap here.
Things that are here:
a club; a stone Are you sure you want to abandon this character and quit the game? (Confirm with "yes".)

.................................
▓▓▓▓▓▓▓▓▓▓▓▓▓▓▓▓▓▓▓▓▓▓▓▓▓▓▓▓▓▓▓▓▓
................^^.^^............
................▓▓(▓▓............
...............▓▓.^(▓▓...........
..............▓▓P.^).▓▓..........
.............▓▓P..^..P▓▓.........
............▓▓....^....▓▓........
▓▓▓▓▓▓▓▓▓▓▓▓▓...@%^.P...▓▓▓▓▓▓▓▓▓
∆∆∆∆∆=!%(▓▓▓▓▓▓▓▓.P)▓▓▓▓▓▓▓▓▓$$?∆
▓▓▓▓▓▓▓▓▓▓▓▓▓...P.^._...▓▓▓▓▓▓▓▓▓
...........b▓▓....^....▓▓........
.............▓▓P..)..P▓▓.........
..............▓▓P[).P▓▓..........
...............▓▓.).▓▓...........
................▓▓)▓▓............
................^^.^^............


You could see 3 friendly oklob plants, 4 friendly burning bushes and 2 friendly
oklob saplings.

Vanquished Creatures
  A warg (Zot)
  A water moccasin (Zot)
  A gnoll (Zot)
  A green rat (Zot)
  3 oozes (Zot)
  An orc (Zot)
  2 giant cockroaches (Zot)
  5 goblins (Zot)
  A hobgoblin (Zot)
  2 quokkas (Zot)
  2 ball pythons (Zot)
  2 bats (Zot)
  2 giant newts (Zot)
  7 kobolds (Zot)
  2 rats (Zot)
33 creatures vanquished.

Vanquished Creatures (collateral kills)
  An ugly thing (Zot)
  Pikel (Zot)
  A kobold demonologist (Zot)
  A gargoyle (Zot)
  A deep elf fighter (Zot)
  A necrophage (Zot)
  An orc warrior (Zot)
  A sky beast (Zot)
  2 phantoms (Zot)
  An ogre (Zot)
  A goliath beetle (Zot)
  2 orc wizards (Zot)
  4 gnoll shamans (Zot)
  A quasit (Zot)
  A crimson imp (Zot)
  3 hounds (Zot)
  An iguana (Zot)
  2 worker ants (Zot)
  4 adders (Zot)
  4 gnolls (Zot)
  A shadow imp (Zot)
  3 giant mites (Zot)
  4 oozes (Zot)
  7 orcs (Zot)
  18 goblins (Zot)
  7 hobgoblins (Zot)
  6 jackals (Zot)
  10 kobolds (Zot)
  2 quokkas (Zot)
  5 ball pythons (Zot)
  5 bats (Zot)
  7 giant cockroaches (Zot)
  2 giant geckos (Zot)
  A giant newt (Zot)
  5 rats (Zot)
  A butterfly (Zot)
118 creatures vanquished.

Vanquished Creatures (others)
  A plant (Zot)
1 creature vanquished.

Grand Total: 152 creatures vanquished

Notes
Turn   | Place    | Note
--------------------------------------------------------------
     0 | Zot      | BluebellGnoll, the Deep Dwarf Wizard, began the quest for the Orb.
     0 | Zot      | Reached XP level 1. HP: 15/15 MP: 3/3
   265 | Zot      | Reached skill level 3 in Spellcasting
   271 | Zot      | Reached XP level 2. HP: 20/22 MP: 1/6
   288 | Zot      | Learned a level 2 spell: Call Imp
   291 | Zot      | Learned a level 2 spell: Repel Missiles
   348 | Zot      | Reached XP level 3. HP: 12/28 MP: 1/8
   389 | Zot      | Learned a level 3 spell: Conjure Flame
   408 | Zot      | Reached skill level 4 in Spellcasting
   461 | Zot      | Reached XP level 4. HP: 36/36 MP: 6/11
   465 | Zot      | Noticed Khal
   466 | Zot      | Learned a level 3 spell: Mephitic Cloud
   477 | Zot      | Killed Khal the necrophage
   477 | Zot      | Reached skill level 1 in Poison Magic
   477 | Zot      | Reached XP level 5. HP: 42/42 MP: 1/13
   736 | Zot      | Reached skill level 1 in Fire Magic
   750 | Zot      | Noticed Schuluif
   757 | Zot      | Reached XP level 6. HP: 49/49 MP: 15/15
   776 | Zot      | Killed Schuluif the warg
   839 | Zot      | Reached XP level 7. HP: 45/56 MP: 17/17
   845 | Zot      | Noticed Wenaz
   852 | Zot      | Killed Wenaz the water moccasin
   893 | Zot      | Became a worshipper of Warmaster Okawaru
  1058 | Zot      | Noticed brown ugly thing
  1076 | Zot      | HP: 1/63 [acid (7)]
  1081 | Zot      | Killed brown ugly thing
  1081 | Zot      | Reached skill level 6 in Fighting
  1081 | Zot      | Reached XP level 8. HP: 1/78 MP: 10/18
  1106 | Zot      | Reached skill level 7 in Fighting
  1160 | Zot      | Reached skill level 1 in Throwing
  1162 | Zot      | Noticed Nataecw
  1176 | Zot      | Killed Nataecw the gargoyle
  1176 | Zot      | Reached skill level 8 in Fighting
  1176 | Zot      | Gained mutation: You passively map the area around you. [level up]
  1176 | Zot      | Reached XP level 9. HP: 31/88 MP: 3/20
  1263 | Zot      | Noticed Pikel
  1273 | Zot      | Killed Pikel
  1375 | Zot      | Reached skill level 5 in Dodging
  1566 | Zot      | Noticed Situwets
  1581 | Zot      | Killed Situwets the kobold demonologist
  1581 | Zot      | Reached skill level 5 in Spellcasting
  1615 | Zot      | Quit the game

Action                   |  1- 3 |  4- 6 |  7- 9 || total
-------------------------+-------+-------+-------++-------
Melee: Whip              |    51 |    46 |    14 ||   111
Throw: Throwing net      |       |       |     2 ||     2
 Cast: Magic Dart        |    18 |    10 |    21 ||    49
       Call Imp          |     1 |     4 |     1 ||     6
       Mephitic Cloud    |       |     1 |     3 ||     4
       Conjure Flame     |       |       |     6 ||     6
 Abil: Make oklob saplin |     2 |       |       ||     2
       Make plant        |       |     2 |       ||     2
       Make burning bush |       |     1 |     3 ||     4
       Make altar        |       |       |     1 ||     1
       Make net trap     |       |       |    47 ||    47
       Make oklob plant  |       |       |     3 ||     3
Evoke: Wand              |     1 |     1 |     1 ||     3
  Use: Potion            |     1 |       |       ||     1
 Stab: Distracted        |       |     1 |     1 ||     2
       Confused          |       |       |     1 ||     1
